 Dungeon Crawl Stone Soup version 0.30.0-15-g856e2d3f33 (webtiles) character file.

Game seed: 13221353040350359897

244 qw the Chopper (level 6, -3/38 HPs)
             Began as a Gargoyle Fighter on May 20, 2023.
             Slain by a gnoll
             ... wielding a +0 halberd
              (9 damage)
             ... on level 4 of the Dungeon.
             The game lasted 00:01:31 (2613 turns).

qw the Chopper (Gargoyle Fighter)                   Turns: 2613, Time: 00:01:31

Health: -3/38      AC: 15    Str: 22    XL:     6   Next: 10%
Magic:  6/6        EV:  8    Int:  8    God:
Gold:   140        SH:  8    Dex:  9    Spells: 5/5 levels left

rFire   . . .        Y - +1 war axe
rCold   + . .        c - +0 buckler
rNeg    + . .        i - +0 chain mail {rC+}
rPois   inf          (no helmet)
rElec   +            (no cloak)
rCorr   .            (no gloves)
SInv    .            (no boots)
Will    .....        (no amulet) Stlth
                     l - +4 ring of slaying {mikee}
HPRegen 0.26/turn    (no ring)
MPRegen 0.10/turn

%: no passive effects
@: about to teleport
A: sickness immunity, AC +4, negative energy resistance 1, electricity
resistance, torment resistance 1, petrification resistance, iridescent scales 1,
large bone plates 1
a: no special abilities


You were on level 4 of the Dungeon.
You visited 1 branch of the dungeon, and saw 4 of its levels.

You collected 140 gold pieces.


Innate Abilities, Weirdness & Mutations

You are immune to sickness and miasma.
Your stone body is resilient. (AC +4)
You are immune to poison.
You resist negative energy. (rN+)
You are resistant to electric shocks. (rElec)
You are resistant to unholy torment.
You are immune to petrification.
You are partially covered in iridescent scales. (AC +2)
You are partially covered in large bone plates. (SH +4)


   Skills:
 + Level 3.7 Fighting
 - Level 5.4 Axes
 - Level 3.2 Armour
 - Level 3.2 Shields


You had 5 spell levels left.
You didn't know any spells.
Your spell library was empty.

Inventory:

Hand Weapons
 g - a +0 whip
 Y - a +1 war axe (weapon)
Armour
 c - a +0 buckler (worn)
 i - a +0 chain mail of cold resistance (worn)
Jewellery
 f - a ring of resist corrosion
 l - a +4 ring of slaying (left hand) {mikee}
Scrolls
 a - a scroll of teleportation
 k - a scroll of identify
 o - 3 scrolls of torment {unknown}
 p - a scroll of butterflies {unknown}
Potions
 b - a potion of curing
 d - a potion of might
 e - a potion of berserk rage {unknown}
 h - a potion of heal wounds {unknown}
 j - a potion of mutation
 m - a potion of brilliance {unknown}
 n - a potion of flight {unknown}

Dungeon Overview and Level Annotations

Branches:
Dungeon (4/15)
 Temple: D:4-7

Altars:
Ru
Vehumet

Annotations:
D:2 1 runed translucent door, Crazy Yiuf
D:3 2 transporters, qw's ghost, amateur GrCA


Message History

o - 3 scrolls labelled XULUGODAIV
p - a scroll labelled SETAMM WANI VEO A sourceless malevolence fills the Dungeon... and a teleportation trap spontaneously manifests!
You are yanked towards some nearby monsters!
Your surroundings suddenly seem different.
A gnoll and a giant cockroach come into view.
The gnoll shouts!
You hear a shout!
A gnoll comes into view. It is wielding a +0 halberd.
The gnoll shouts!
The giant cockroach bites you.
The giant cockroach bites you but does no damage.
You slash the giant cockroach!
You kill the giant cockroach!
You block the gnoll's attack.
A gnoll comes into view. It is wielding a +0 club.
The gnoll hits you from afar with a +0 halberd.
The gnoll barely misses you.
You barely miss the gnoll. You block the gnoll's attack.
The gnoll hits you with a +0 halberd.
You closely miss the gnoll.
The gnoll hits you from afar with a +0 halberd!
The gnoll barely misses you.
You slash the gnoll!
You kill the gnoll!
The gnoll hits you from afar with a +0 halberd!
The gnoll barely misses you.
You closely miss the gnoll. You block the gnoll's attack.
The gnoll closely misses you.
You closely miss the gnoll. You block the gnoll's attack.
The gnoll hits you but does no damage.
You hit the gnoll.
The gnoll is moderately wounded.
The gnoll hits you but does no damage.
The gnoll hits you from afar with a +0 halberd!
2613 ||| READING 2 scrolls of teleportation.
As you read the scroll of teleportation, it crumbles to dust.
You feel strangely unstable. The gnoll hits you but does no damage.
The gnoll hits you from afar with a +0 halberd!
You die...

.....#....#
#......#
.....#......
#......#
.....#........
#......# #........
#......# #........
#......#
#######.##+#......#
#.....# #.....#
#..@..# #.g...+
#.g...# #.....#
..##### ... ....
.....


You could see 2 gnolls.

Vanquished Creatures
  An ice beast (D:3)
  5 gnolls
  An adder (D:2)
  A worm (D:2)
  A dart slug (D:1)
  An orc (D:3)
  7 bats
  10 endoplasms
  5 giant cockroaches
  6 hobgoblins
  2 jackals (D:4)
  2 quokkas
  15 ball pythons
  6 frilled lizards
  7 goblins
  7 kobolds
  11 rats
88 creatures vanquished.

Notes
Turn   | Place    | Note
-------+----------+-------------------------------------------
     0 | D:1      | qw the Gargoyle Fighter began the quest for the Orb.
     0 | D:1      | Reached XP level 1. HP: 14/14 MP: 1/1
     0 | D:1      | 0 ||| qw: Version: 0.2-a-97-g499787f
     0 | D:1      | 0 ||| qw: Game counter: 71
     0 | D:1      | 0 ||| qw: Always use a shield: true
     0 | D:1      | 0 ||| qw: God list: Okawaru
     0 | D:1      | 0 ||| qw: Allow faded altars: false
     0 | D:1      | 0 ||| qw: Do Orc after D:15 true
     0 | D:1      | 0 ||| qw: Do second Lair branch before Depths: true
     0 | D:1      | 0 ||| qw: Lair rune preference: random
     0 | D:1      | 0 ||| qw: Plans: Normal, Zot:1-4, God:TSO, Crypt, Tomb,
                  | Pan, Slime:5, Hells, Abyss, Win
     0 | D:1      | 0 ||| PLANNING D:1-11
    90 | D:1      | Reached skill level 2 in Axes
   202 | D:1      | Reached XP level 2. HP: 19/19 MP: 2/2
   203 | D:1      | 203 ||| Stepping ~*~*~tactically~*~*~ (stealth).
   248 | D:1      | 248 ||| Stepping ~*~*~tactically~*~*~ (stealth).
   305 | D:1      | 305 ||| Stepping ~*~*~tactically~*~*~ (hiding).
   354 | D:1      | Reached skill level 3 in Axes
   446 | D:1      | Reached XP level 3. HP: 23/23 MP: 3/3
   523 | D:1      | 523 ||| Stepping ~*~*~tactically~*~*~ (hiding).
   545 | D:1      | 545 ||| DROPPING +0 club.
   669 | D:1      | Found a faded altar of an unknown god.
   761 | D:1      | 761 ||| UPGRADING to +0 chain mail of cold resistance.
   771 | D:1      | 771 ||| DROPPING +0 scale mail.
   772 | D:1      | 772 ||| READING 3 scrolls labelled YJAQOS TOOTHREO.
   776 | D:1      | 776 ||| READING scroll labelled YCI ACEFIFUSHROG.
   850 | D:2      | 850 ||| Stepping ~*~*~tactically~*~*~ (hiding).
  1268 | D:2      | Reached XP level 4. HP: 24/28 MP: 4/4
  1383 | D:2      | Found a runed translucent door.
  1384 | D:2      | Noticed Crazy Yiuf
  1447 | D:2      | Reached skill level 4 in Axes
  1656 | D:2      | 1656 ||| DROPPING amulet of magic regeneration.
  1657 | D:2      | 1657 ||| READING 3 scrolls labelled KIKHOT COILY.
  1658 | D:2      | 1658 ||| DRINKING 2 amethyst potions.
  1658 | D:2      | Gained mutation: You are partially covered in large bone
                  | plates. (SH +4) [potion of mutation]
  1658 | D:2      | Gained mutation: You are partially covered in iridescent
                  | scales. (AC +2) [potion of mutation]
  1659 | D:2      | 1659 ||| READING 2 scrolls of identify.
  1659 | D:2      | 1659 ||| IDENTIFYING murky cyan potion
  1680 | D:3      | 1680 ||| Stepping ~*~*~tactically~*~*~ (stealth).
  1699 | D:3      | 1699 ||| Stepping ~*~*~tactically~*~*~ (hiding).
  1707 | D:3      | 1707 ||| Stepping ~*~*~tactically~*~*~ (hiding).
  1783 | D:3      | Found a sacrificial altar of Ru.
  1854 | D:3      | Noticed an ogre
  1854 | D:3      | Noticed an ogre
  1854 | D:3      | Noticed qw's ghost (amateur GrCA)
  1856 | D:3      | Noticed an ogre
  1857 | D:3      | Found a transporter.
  1863 | D:3      | Found a transporter.
  1919 | D:3      | Reached XP level 5. HP: 32/32 MP: 5/5
  2135 | D:3      | Noticed an ice beast
  2151 | D:3      | Killed an ice beast
  2152 | D:3      | Reached skill level 5 in Axes
  2266 | D:3      | 2266 ||| Stepping ~*~*~tactically~*~*~ (stealth).
  2284 | D:3      | Reached XP level 6. HP: 37/37 MP: 6/6
  2446 | D:3      | 2446 ||| UPGRADING to +4 ring of slaying {mikee}.
  2447 | D:3      | 2447 ||| READING scroll labelled SIN RYAZ KEMUE.
  2448 | D:3      | 2448 ||| DRINKING 2 lumpy dark potions.
  2449 | D:3      | 2449 ||| DROPPING potion of magic.
  2474 | D:4      | 2474 ||| Stepping ~*~*~tactically~*~*~ (stealth).
  2488 | D:4      | Found a radiant altar of Vehumet.
  2612 | D:4      | HP: 6/38 [gnoll/+0 halberd (8)]
  2613 | D:4      | 2613 ||| READING 2 scrolls of teleportation.
  2613 | D:4      | Slain by a gnoll

Levels and vault maps discovered:
D:1:      psy_arrival_statuary, layout_loops_cross,
          hellmonk_ecumenical_altar_inner_sanctum, corexii_corridor_pit,
          st_stairs_12
D:2:      layout_basic, lemuel_flame_loot_1, uniq_crazy_yiuf_cottage
D:3:      minmay_angry_zag, layout_loops_cross, old_standard_altar,
          gammafunk_ghost_smash, minivault_11
D:4:      layout_gridville, mainiacjoe_overflow_paths

Skill      XL: |  1  2  3  4  5 |
---------------+----------------+-----
Axes           | 2 3 4 5 |  5.4
Fighting       | |  3.7
Armour         | |  3.2
Shields        | |  3.2

Action                     |  1- 3 |  4- 6 || total
---------------------------+-------+-------++-------
  Melee: War axe           |   147 |   100 ||   247
    Use: Scroll            |     2 |     4 ||     6
         Potion            |       |     2 ||     2
 Armour: Scale mail        |    45 |       ||    45
         Chain mail        |    33 |    32 ||    65
  Dodge: Dodged            |    57 |    30 ||    87
  Block: Buckler           |    24 |    43 ||    67

Table legend:
 A = Non-vault XP
 B = Vault XP
 C = Vault XP percentage of total XP
 D = Non-vault monster count
 E = Vault monster count
 F = Vault count percentage of total count
                 A         B        C        D         E       F
            +---------+---------+-------+---------+---------+-------
      Total |     207 |     142 |  40.7 |      81 |       7 |   8.0
            +---------+---------+-------+---------+---------+-------
        D:1 |      44 |       4 |   8.3 |      29 |       1 |   3.3
        D:2 |      53 |       0 |   0.0 |      24 |       0 |   0.0
        D:3 |      83 |     138 |  62.4 |      20 |       6 |  23.1
        D:4 |      27 |       0 |   0.0 |       8 |       0 |   0.0
            +---------+---------+-------+---------+---------+-------
